 Seeded DCSS version 0.31.0-32-g396128a36d (webtiles) character file.

Game seed: 11920130714543812510 (custom seed)

22301 Griffin23 the Fencer (level 12, 0/118 HPs)
             Began as a Minotaur Fighter on Mar 15, 2024.
             Was a High Priest of Okawaru.
             Slain by a tarantella (13 damage)
             ... on level 4 of the Lair of Beasts.
             The game lasted 00:27:47 (14440 turns).

Griffin23 the Fencer (Minotaur Fighter)            Turns: 14440, Time: 00:27:48

Health: 0/118      AC: 24    Str: 26    XL:     12   Next: 61%
Magic:  15/15      EV:  5    Int:  5    God:    Okawaru [*****.]
Gold:   880        SH:  0    Dex: 13    Spells: 11/11 levels left

rFire   . . .        f - +1 triple sword "Vetopn" {heavy, rPois Will+ rCorr}
rCold   + . .        (shield currently unavailable)
rNeg    . . .        e - +0 crystal plate armour
rPois   +            n - +2 hat
rElec   .            t - +0 cloak
rCorr   +            (no gloves)
SInv    .            (no boots)
Will    +....        (no amulet) Stlth
                     s - +4 ring of slaying
HPRegen 0.39/turn    K - ring "Toluck" {rPois rC+ Dex+3}
MPRegen 0.14/turn

%: no passive effects
@: confused, mighty, studying Fighting
A: horns 2, retaliatory headbutt
a: Renounce Religion, Heroism, Finesse, Duel


You were on level 4 of the Lair of Beasts.
You worshipped Okawaru.
Okawaru was extremely pleased with you.
You visited 2 branches of the dungeon, and saw 15 of its levels.

You collected 880 gold pieces.

Inventory:

Hand Weapons
 a - a +0 long sword
 f - the +1 triple sword "Vetopn" (weapon) {heavy, rPois Will+ rCorr}
   (You acquired it on level 8 of the Dungeon)

   rPois:     It protects you from poison Will+: It increases your willpower.
   rCorr:     It protects you from acid and corrosion.
 i - a +2 double sword of flaming
Missiles
 y - 5 throwing nets (quivered)
 Q - 2 boomerangs
 R - 3 javelins
Armour
 b - a +0 scale mail
 c - a +0 buckler
 e - a +0 crystal plate armour (worn)
 n - a +2 hat (worn)
 t - a +0 cloak (worn)
 z - a +0 plate armour
 N - the +1 helmet "Fohacuos" {Regen+ Str+2}
   (You found it on level 10 of the Dungeon)

   Str+2:     It affects your strength (+2).
   Regen+:    It increases your rate of health regeneration.
Jewellery
 d - the amulet of Idostror {Spirit Harm rPois Dex+3}
   (You acquired it on level 4 of the Dungeon)

   [amulet of guardian spirit]

   Spirit:    It causes incoming damage to be divided between your reserves of
   health and magic.
   Dex+3:     It affects your dexterity (+3).
   rPois:     It protects you from poison Harm: It increases damage dealt and
   taken.
 o - a +6 ring of strength
 q - an amulet of magic regeneration
 s - a +4 ring of slaying (left hand)
 C - a +6 ring of dexterity
 H - a ring of see invisible
 K - the ring "Toluck" (right hand) {rPois rC+ Dex+3}
   (You found it on level 8 of the Dungeon)

   [ring of poison resistance]

   Dex+3:     It affects your dexterity (+3).
   rC+:       It protects you from cold.
   rPois:     It protects you from poison
 M - a ring of magical power
Wands
 J - a wand of polymorph (25)
 O - a wand of flame (17)
Scrolls
 g - 3 scrolls of enchant weapon
 m - 2 scrolls of noise
 p - 2 scrolls of fog
 r - 3 scrolls of teleportation
 u - 5 scrolls of revelation
 x - 4 scrolls of amnesia
 A - 3 scrolls of enchant armour
 B - 2 scrolls of immolation {unknown}
 L - a scroll of silence {unknown}
Potions
 h - 3 potions of lignification
 j - 3 potions of mutation {unknown}
 k - a potion of berserk rage {unknown}
 l - a potion of invisibility {unknown}
 v - a potion of degeneration {unknown}
 w - 3 potions of curing {unknown}
 E - a potion of magic {unknown}
 F - a potion of might
 G - 2 potions of cancellation {unknown}
 I - 2 potions of resistance {unknown}
 P - a potion of brilliance {unknown}
 S - 2 potions of enlightenment {unknown}


   Skills:
 + Level 14.4 Fighting
 * Level 16.9 Long Blades
 + Level 3.4 Throwing
 + Level 10.8 Armour
 - Level 7.5 Shields
 + Level 5.6 Invocations
 + Level 5.1 Evocations


You had 11 spell levels left.
You didn't know any spells.
Your spell library contained the following spells:

 Spells                   Type           Power      Damage    Failure   Level
 Kiss of Death            Conj/Necr      0%         2d5       100%        1
 Magic Dart               Conj           0%         1d3       100%        1
 Blink                    Tloc           0%         N/A       100%        2
 Lesser Beckoning         Tloc           0%         N/A       100%        2
 Momentum Strike          Conj/Tloc      0%         3d8       100%        2
 Searing Ray              Conj           0%         2d4       100%        2
 Confusing Touch          Hex            0%         N/A       100%        3
 Volatile Blastmotes      Fire/Tloc      0%         2d10      100%        3
 Dispel Undead            Necr           0%         3d6       100%        4
 Fulminant Prism          Conj/Alch      0%         3d5       100%        4
 Iskenderun's Mystic Bla  Conj/Tloc      0%         2d3       100%        4
 Leda's Liquefaction      Alch/Erth      0%         N/A       100%        4
 Alistair's Intoxication  Alch           0%         N/A       100%        5
 Borgnjor's Vile Clutch   Necr/Erth      0%         N/A       100%        5
 Iskenderun's Battlesphe  Conj           0%         2d6       100%        5
 Lee's Rapid Deconstruct  Erth           0%         3d4*      100%        5
 Bombard                  Conj/Erth      0%         9d1       100%        6
 Eringya's Noxious Bog    Alch           0%         4d6       100%        6
 Spellforged Servitor     Conj/Summ      Unusable   N/A       N/A         7

Dungeon Overview and Level Annotations

Branches:
Dungeon (11/15)            Temple (0/1) D:4            Lair (4/5) D:8
 Spider (0/4) Lair:3          Orc (0/2) D:11
  Swamp: Lair:2-3    Shoals: Lair:2-3     Slime: Lair:4-5

Altars:
Ashenzari
Cheibriados
Dithmenos
Elyvilon
Fedhas
Gozag
Kikubaaqudgha
Makhleb
Nemelex Xobeh
Okawaru
Qazlal
Ru
Sif Muna
Vehumet
Zin

Shops:
D:3 [[   D:7 [   D:10 :   D:11 ([

Annotations:
Lair:1 3 runed translucent doors, Fractals's ghost, journeyman DsAr


Innate Abilities, Weirdness & Mutations

You have a pair of horns on your head.
You reflexively headbutt those who attack you in melee.


Message History

You barely miss the tarantella. The tarantella barely misses you.
The tarantella touches you!
* * * LOW HITPOINT WARNING * * *
The tarantella touches you but does no damage.
The tarantella touches you.
* * * LOW HITPOINT WARNING * * *
Unknown command.
Okay, then.
Okay, then.
You are too injured to fight recklessly!
You barely miss the tarantella. Your headbutt misses the tarantella.
The tarantella is lightly wounded.
The tarantella barely misses you. The tarantella touches you!
* * * LOW HITPOINT WARNING * * *
You are afflicted by dizzying energies!
You are more confused.
The tarantella touches you but does no damage.
The tarantella barely misses you.
You feel much better. The tarantella touches you.
* * * LOW HITPOINT WARNING * * *
You are afflicted by dizzying energies!
You are more confused.
The tarantella touches you but does no damage.
The tarantella touches you.
* * * LOW HITPOINT WARNING * * *
The tarantella touches you but does no damage.
You feel very mighty all of a sudden. The tarantella barely misses you. x2
You slice the tarantella!!
You kill the tarantella!
Okawaru accepts your kill.
The tarantella touches you but does no damage. x2
You miss the tarantella.
The tarantella touches you but does no damage.
The tarantella touches you!
* * * LOW HITPOINT WARNING * * *
The tarantella attacks as it pursues you!
The tarantella touches you but does no damage.
The tarantella touches you!
You die...

## ## ####
###..#.###P.#
............#
.......<...#
.........s@#
............#
............#
...........P..
............P..
.....[..........
...........##.#.
........# ##~≈


You could see a tarantella.

Vanquished Creatures
  Fannar (Lair:2)
  3 two-headed ogres
  A pharaoh ant (Lair:3)
  Nergalle (D:11)
  Pikel (D:5)
  3 black mambas
  4 cane toads
  2 rime drakes
  6 komodo dragons
  2 polar bears
  A hornet (Lair:2)
  A tarantella (Lair:4)
  2 vampires (D:11)
  31 yaks
  A shadow (D:11)
  A wraith (D:10)
  2 wyverns
  A redback (Lair:3)
  4 basilisks
  A steam dragon (D:8)
  An acid dragon (D:9)
  7 water moccasins
  6 ice beasts
  A sky beast (D:7)
  6 orc warriors
  2 black bears
  4 ogres
  11 wolves
  6 centaurs
  2 phantoms (D:6)
  A lemure (D:5)
  4 kobold brigands
  12 bullfrogs
  2 scorpions
  9 wights
  4 killer bees (D:10)
  2 electric eels (Lair:2)
  2 howler monkeys (D:11)
  3 hounds (D:4)
  3 bombardier beetles
  A gnoll bouda (D:4)
  9 orc priests
  A jelly (D:7)
  A sleepcap (D:8)
  4 iguanas
  18 orc wizards
  Terence (D:2)
  3 adders
  14 gnolls
  2 white imps (D:6)
  2 ufetubi (D:6)
  A dart slug (D:4)
  60 orcs
  4 bats
  5 endoplasms
  2 giant cockroaches (D:3)
  9 goblins
  7 hobgoblins
  25 kobolds
  2 quokkas
  4 ball pythons (D:1)
  4 frilled lizards
  3 rats
339 creatures vanquished.

Notes
Turn   | Place    | Note
-------+----------+-------------------------------------------
     0 | D:1      | Griffin23 the Minotaur Fighter began the quest for the Orb.
     0 | D:1      | Reached XP level 1. HP: 19/19 MP: 0/0
   292 | D:1      | Reached XP level 2. HP: 27/27 MP: 1/1
   682 | D:2      | Identified a scroll of acquirement
   683 | D:2      | Acquired a +1 double sword of flaming
   751 | D:2      | Noticed Terence
   755 | D:2      | Killed Terence
   756 | D:2      | Reached skill level 3 in Long Blades
   756 | D:2      | Reached XP level 3. HP: 33/33 MP: 2/2
  1115 | D:3      | Found a snail-covered altar of Cheibriados.
  1170 | D:3      | Reached XP level 4. HP: 40/40 MP: 3/3
  1351 | D:3      | Reached skill level 4 in Long Blades
  1361 | D:3      | Reached XP level 5. HP: 31/46 MP: 4/4
  1380 | D:3      | Reached skill level 5 in Long Blades
  1602 | D:3      | Found a radiant altar of Vehumet.
  1776 | D:3      | Found a blossoming altar of Fedhas.
  1925 | D:3      | Found Cifee's Armour Shop.
  1935 | D:3      | Found Xuphinum's Antique Armour Shoppe.
  1937 | D:3      | Noticed an ogre
  1944 | D:3      | Killed an ogre
  1945 | D:3      | Reached skill level 6 in Long Blades
  1945 | D:3      | Reached XP level 6. HP: 52/53 MP: 5/5
  2647 | D:4      | Acquired the amulet of Idostror {Spirit Harm rPois Dex+3}
  2654 | D:4      | Acquired a manual of Fighting
  2656 | D:4      | Acquired a +0 crystal plate armour
  2752 | D:4      | Reached skill level 7 in Long Blades
  2897 | D:4      | Reached skill level 5 in Fighting
  2963 | D:4      | Reached XP level 7. HP: 45/61 MP: 3/6
  3023 | D:4      | Reached skill level 5 in Armour
  3050 | D:4      | Found a staircase to the Ecumenical Temple.
  3184 | D:4      | Reached skill level 8 in Long Blades
  3317 | D:5      | Entered Level 5 of the Dungeon
  4032 | D:5      | Found the +1 robe of Vines {NoPotionHeal Regen++++}
  4131 | D:5      | Reached skill level 9 in Long Blades
  4154 | D:5      | Found an iron altar of Okawaru.
  4157 | D:5      | Noticed Pikel
  4165 | D:5      | Killed Pikel
  4166 | D:5      | Reached skill level 10 in Long Blades
  4166 | D:5      | Reached XP level 8. HP: 48/70 MP: 5/7
  4548 | D:5      | Found a white marble altar of Elyvilon.
  4713 | D:5      | Became a worshipper of Warmaster Okawaru
  4754 | D:6      | Reached skill level 5 in Shields
  4756 | D:6      | Reached skill level 11 in Long Blades
  4846 | D:6      | Found a shadowy altar of Dithmenos.
  4973 | D:6      | Reached * piety under Okawaru
  4978 | D:6      | Reached XP level 9. HP: 75/79 MP: 8/8
  5031 | D:6      | Found a broken altar of Ashenzari.
  5300 | D:6      | Reached skill level 12 in Long Blades
  5836 | D:7      | Reached ** piety under Okawaru
  6029 | D:7      | Found Lafubiw's Antique Armour Emporium.
  6124 | D:7      | Found a burning altar of Makhleb.
  6124 | D:7      | Found a stormy altar of Qazlal.
  6236 | D:7      | Reached skill level 13 in Long Blades
  6675 | D:8      | Noticed a rime drake
  6682 | D:8      | Killed a rime drake
  6682 | D:8      | Reached *** piety under Okawaru
  6683 | D:8      | Reached XP level 10. HP: 85/93 MP: 7/9
  6699 | D:8      | Reached skill level 10 in Fighting
  6718 | D:8      | Found a staircase to the Lair.
  6752 | D:8      | Reached skill level 14 in Long Blades
  6955 | D:8      | Identified the ring "Toluck" {rPois rC+ Dex+3}
  6958 | D:8      | Found a glowing silver altar of Zin.
  6960 | D:8      | Acquired the +1 triple sword "Vetopn" {heavy, rPois Will+
                  | rCorr}
  6963 | D:8      | Found an ancient bone altar of Kikubaaqudgha.
  7112 | D:8      | Noticed a rust devil
  7147 | D:8      | Noticed a rust devil
  7246 | D:8      | Found a sacrificial altar of Ru.
  7365 | D:8      | Reached **** piety under Okawaru
  7538 | D:9      | Reached skill level 1 in Invocations
  7558 | D:9      | Reached skill level 1 in Evocations
  7597 | D:9      | Found a shimmering blue altar of Sif Muna.
  8397 | D:10     | Entered Level 10 of the Dungeon
  8397 | D:10     | Found Igocvo's Book Boutique.
  8443 | D:10     | Identified the +1 helmet "Fohacuos" {Regen+ Str+2}
  8600 | D:10     | Reached XP level 11. HP: 87/103 MP: 11/11
  8665 | D:10     | Found a sparkling altar of Nemelex Xobeh.
  8774 | D:10     | Found an opulent altar of Gozag.
  8774 | D:10     | Noticed a two-headed ogre
  8778 | D:10     | Killed a two-headed ogre
  9112 | D:10     | Reached skill level 15 in Long Blades
  9201 | D:10     | Reached ***** piety under Okawaru
  9400 | D:11     | Found Goivitu's Armour Boutique.
  9401 | D:11     | Found a staircase to the Orcish Mines.
  9749 | D:11     | Found Plog's Weapon Boutique.
  9826 | D:11     | Noticed a two-headed ogre
  9832 | D:11     | Killed a two-headed ogre
 10029 | D:11     | Noticed a two-headed ogre
 10037 | D:11     | Killed a two-headed ogre
 10785 | D:11     | Received a gift from Okawaru
 10933 | D:11     | Noticed Nergalle
 10941 | D:11     | Killed Nergalle
 11142 | Lair:1   | Entered Level 1 of the Lair of Beasts
 11633 | Lair:1   | Found a runed translucent gate.
 11633 | Lair:1   | Found a runed translucent gate.
 11633 | Lair:1   | Found a runed translucent gate.
 11634 | Lair:1   | Noticed a 12-headed hydra
 11638 | Lair:1   | Reached skill level 10 in Armour
 11821 | Lair:1   | Noticed Fractals's ghost (journeyman DsAr)
 11843 | Lair:1   | Reached skill level 16 in Long Blades
 11957 | Lair:1   | Reached skill level 1 in Throwing
 12388 | Lair:1   | Reached XP level 12. HP: 87/115 MP: 14/14
 12739 | Lair:2   | Noticed Fannar
 13059 | Lair:1   | Received a gift from Okawaru
 13066 | Lair:2   | Killed Fannar
 13275 | Lair:2   | Reached skill level 5 in Invocations
 13449 | Lair:2   | Identified the +1 robe of Parts Unknown {rPois rC+ Int-3}
 13491 | Lair:2   | Identified the +0 plate armour of Classification {*Corrode
                  | +Inv rN+}
 13722 | Lair:2   | Received a gift from Okawaru
 14400 | Lair:3   | Found a hole to the Spider Nest.
 14402 | Lair:3   | Reached skill level 5 in Evocations
 14440 | Lair:4   | Slain by a tarantella

Illustrated notes

Levels and vault maps discovered:
D:1:      wheals_arrival_shading, layout_loops_ring
D:2:      layout_rooms, uniq_terence
D:3:      layout_loops_ring, mainiacjoe_overflow_small_starburst,
          mainiacjoe_overflow_24_doors, lemuel_crystal_altar, serial_shops,
          nicolae_shop_advertising_works [nicolae_subvault_shop_adworks],
          nicolae_shop_crystal, serial_forest, infiniplex_forest_corner_1,
          infiniplex_forest_straight_3, infiniplex_forest_clump_diagonal,
          infiniplex_forest_clump_curved, infiniplex_forest_lined_3,
          infiniplex_forest_clump_long, infiniplex_forest_diagonal,
          infiniplex_forest_clump_medium, serial_bayou_ford_a
D:4:      layout_gridville, minmay_temple_entry_statues
D:5:      layout_rooms, general_overflow_altar, mainiacjoe_overflow_brackets,
          kennysheep_generic_room_8, uniq_pikel
D:6:      layout_cave_pools, nicolae_overflow_crystal_walls,
          grunt_dithmenos_shadows, kennysheep_generic_room_11
D:7:      layout_basic, gammafunk_temple_overflow_pools, serial_shops, shop,
          solitary_fountain
D:8:      cheibrodos_iron_armory, layout_basic, minitemple,
          mainiacjoe_overflow_alcove_2, hellmonk_lair_entry_icy
D:9:      layout_cave_pools, mainiacjoe_overflow_catwalk
D:10:     layout_roguey, lemuel_coloured_pillars_altar,
          mainiacjoe_overflow_surrounded_room, serial_shops, shop,
          serial_library_hellmonk_reading_circle
D:11:     layout_irregular_city, orc_david_3, uniq_nergalle
Lair:1:   layout_layer_cave, gammafunk_ghost_hydra_chop,
          infiniplex_staircase_pool_2, serial_bayou_shore_b
Lair:2:   layout_gridlike, pdpol_lair_cavern_descent, uniq_fannar
Lair:3:   layout_regular_city, palyth_hydra_swamp_entry,
          nicolae_spider_entry_lesser_pyramids, dpeg_oklob_1, uniq_josephine
Lair:4:   layout_gridlike, slime_entry_1, bobbens_ice_dragon_lair

Skill      XL: |  1  2  3  4  5  6  7  8  9 10 11 12 |
---------------+-------------------------------------+-----
Armour         | 4 5 6 7 8 10 | 10.8
Fighting       | 4 5 6 7 9 11 13 14 | 14.4
Long Blades    | 3 4 6 7 10 11 13 14 16 | 16.9
Shields        | 4 5 6 7 |  7.5
Invocations    | 2 4 5 |  5.6
Evocations     | 2 4 5 |  5.1
Throwing       | 1 3 |  3.4

Action                     |  1- 3 |  4- 6 |  7- 9 | 10-12 || total
---------------------------+-------+-------+-------+-------++-------
  Melee: Long sword        |    24 |       |       |       ||    24
         Headbutt          |     5 |     9 |    33 |    61 ||   108
         Double sword      |    32 |    96 |   184 |    43 ||   355
         Triple sword      |       |       |       |   294 ||   294
 Invoke: Heroism           |       |       |       |     2 ||     2
    Use: Scroll            |     4 |     7 |     2 |     5 ||    18
         Potion            |       |     1 |       |     6 ||     7
 Armour: Scale mail        |    29 |    43 |       |       ||    72
         Crystal plate arm |       |    37 |   176 |   717 ||   930
         Plate armour      |       |    32 |       |       ||    32
  Dodge: Dodged            |    23 |    34 |    29 |   182 ||   268
  Block: Buckler           |    12 |    28 |    52 |     8 ||   100
